AoeStats
← AxingQuestions

Arena

505348835Analyzed
4v4 RM · 23d ago on Sep 9, 2026· 57m 21s· 8 players
Game mode
Random Map
Map size
Large (8 player)
Population
200
Speed
Normal
Resources
Standard
Victory
Conquest
Starting age
Dark Age
Ending age
Imperial Age
RankedLock teamsTeams togetherTeam positionsShared explorationLock speedFull tech treeHidden civsTurbo modeCheats
Victory
Defeat
🇪🇨 Italians · Ecuador
1279
+16
🇧🇷 Lithuanians · Brazil
1263
+16
🇺🇸 Vikings · United States
1222
+18
🇦🇷 Persians · Argentina
1192
+19
🇹🇷 Berbers · Türkiye
1321
-19
🇲🇽 Lithuanians · Mexico
1308
-19
🇪🇸 Bohemians · Spain
1253
-17
🇮🇳 Khitans · India
1187
-14
AxingQuestions
10:55 Feudal Age
11:31 Loom
14:46 Castle Age
12:48 Double-Bit Axe
12:55 Horse Collar
16:56 Bow Saw
20:45 Heavy Plow
21:58 Gold Mining
23:09 Stone Mining
23:57 Gold Shaft Mining
24:25 Town Watch
28:34 Imperial Age
26:26 Town Patrol
26:28 Scale Mail Armor
26:39 Forging
26:21 Fletching
26:24 Treadmill Crane
26:41 Murder Holes
27:56 Chain Mail Armor
27:57 Fortified Wall
28:00 Masonry
30:01 Crop Rotation
30:32 Two-Man Saw
30:08 Plate Mail Armor
30:13 Iron Casting
29:36 Bodkin Arrow
29:14 Pikeman
29:55 Squires
30:43 Conscription
29:51 Elite Berserk
31:27 Chieftains
33:04 Blast Furnace
35:20 Ballistics
36:01 Chemistry
36:28 Architecture
36:50 Man-at-Arms
37:16 Gambesons
37:18 Arson
37:41 Long Swordsman
39:37 Two-Handed Swordsman
39:46 Capped Ram
40:18 Onager
41:08 Siege Ram
47:34 Siege Engineers
50:29 Hoardings
50:54 Champion
nborgesfilho
6:58 Loom
10:49 Feudal Age
11:45 Feudal Age
15:43 Castle Age
18:03 Redemption
18:13 Sanctity
25:57 Atonement
26:46 Devotion
26:57 Horse Collar
29:32 Double-Bit Axe
33:42 Wheelbarrow
34:51 Hand Cart
35:11 Bow Saw
42:01 Imperial Age
39:45 Bloodlines
39:39 Husbandry
39:51 Forging
39:47 Scale Barding Armor
40:41 Scale Barding Armor
42:34 Iron Casting
42:39 Chain Barding Armor
42:18 Cavalier
44:04 Gold Mining
44:51 Plate Barding Armor
45:54 Stone Mining
46:57 Paladin
51:16 Caravan
53:00 Stone Shaft Mining
54:45 Elite Leitis
55:46 Conscription
57:10 Ballistics
57:02 Masonry
57:00 Hill Forts
57:01 Tower Shields
57:37 Hoardings
Santiawhy
1:48 Loom
9:51 Feudal Age
14:25 Castle Age
13:54 Double-Bit Axe
23:04 Wheelbarrow
26:32 Fletching
43:52 Hand Cart
51:11 Bow Saw
57:26 Imperial Age
55:25 Gold Mining
55:24 Horse Collar
55:46 Crossbowman
56:42 Thumb Ring
57:59 Ballistics
Cristian Monzon
10:39 Feudal Age
13:13 Loom
16:08 Castle Age
14:10 Double-Bit Axe
14:23 Horse Collar
17:44 Bow Saw
17:34 Heavy Plow
23:27 Wheelbarrow
22:39 Town Watch
26:08 Bloodlines
26:08 Scale Barding Armor
28:42 Imperial Age
26:29 Hand Cart
27:32 Husbandry
27:44 Forging
29:01 Chain Barding Armor
29:16 Iron Casting
28:42 Cavalier
31:53 Plate Barding Armor
31:21 Scale Mail Armor
31:28 Pikeman
32:09 Squires
31:55 Arson
32:47 Savar
32:54 Halberdier
33:56 Chain Mail Armor
34:42 Blast Furnace
37:03 Conscription
38:00 Plate Mail Armor
38:50 Chemistry
38:12 Ballistics
41:21 Crop Rotation
42:04 Two-Man Saw
40:56 Gold Mining
41:13 Fletching
51:50 Bodkin Arrow
51:56 Padded Archer Armor
53:39 Citadels
53:35 Kamandaran
55:56 Gold Shaft Mining
Yoalliperro
3:54 Loom
13:32 Feudal Age
18:31 Castle Age
16:26 Double-Bit Axe
17:06 Gold Mining
26:03 Atonement
35:48 Wheelbarrow
37:20 Hand Cart
37:19 Bow Saw
40:39 Fletching
40:50 Padded Archer Armor
41:23 Horse Collar
43:33 Bodkin Arrow
44:14 Forging
44:10 Scale Barding Armor
46:34 Iron Casting
47:31 Chain Barding Armor
Astromantis
10:48 Feudal Age
15:32 Castle Age
13:47 Double-Bit Axe
14:02 Horse Collar
23:29 Atonement
24:05 Redemption
26:26 Forging
26:17 Padded Archer Armor
26:07 Fletching
31:12 Imperial Age
28:53 Scale Mail Armor
31:43 Chemistry
31:03 Ballistics
31:06 Heavy Plow
32:33 Iron Casting
32:13 Leather Archer Armor
32:45 Block Printing
33:11 Wheelbarrow
32:21 Loom
32:39 Pikeman
33:19 Squires
33:56 Halberdier
35:57 Conscription
35:43 Wagenburg Tactics
38:02 Blast Furnace
37:18 Chain Mail Armor
36:58 Bodkin Arrow
38:23 Hussite Reforms
38:26 Siege Engineers
39:59 Ring Archer Armor
40:57 Hand Cart
44:41 Caravan
48:42 Bow Saw
50:25 Bombard Tower
50:16 Fortified Wall
52:00 Two-Man Saw
Siny
10:54 Feudal Age
15:19 Castle Age
14:26 Double-Bit Axe
19:25 Town Watch
19:26 Loom
21:00 Fletching
21:33 Padded Archer Armor
24:38 Bodkin Arrow
27:04 Town Patrol
27:39 Wheelbarrow
28:06 Leather Archer Armor
27:56 Scale Barding Armor
28:59 Ballistics
28:50 Fortified Wall
29:18 Bloodlines
29:09 Husbandry
31:03 Forging
31:34 Thumb Ring
31:32 Gold Mining
31:32 Stone Mining
35:19 Hand Cart
35:48 Stone Shaft Mining
35:48 Gold Shaft Mining
37:16 Iron Casting
37:02 Chain Barding Armor
36:44 Light Cavalry
40:11 Imperial Age
40:16 Hussar
41:05 Bracer
41:35 Ring Archer Armor
42:16 Chemistry
41:29 Heavy Camel Rider
43:32 Plate Barding Armor
44:31 Bow Saw
44:03 Horse Collar
44:37 Elite Genitour
47:49 Caravan
48:24 Coinage
51:27 Heavy Plow
51:34 Scale Mail Armor
52:45 Blast Furnace
[T41] Indian War Lord
11:38 Feudal Age
16:44 Castle Age
14:48 Double-Bit Axe
14:59 Domestication
17:09 Loom
18:04 Bow Saw
18:45 Scale Mail Armor
21:11 Forging
22:11 Fletching
23:15 Iron Casting
26:03 Chain Mail Armor
32:04 Wheelbarrow
34:27 Hand Cart
34:58 Pastoralism
39:01 Imperial Age
36:44 Gambesons
37:30 Arson
38:55 Gold Mining
40:50 Plate Mail Armor
40:03 Elite Fire Lancer
44:49 Caravan
51:05 Pikeman
51:46 Squires
52:43 Capped Ram
Connection lost

Rejoining the realm…

Still unreachable

The connection could not be restored.

Session expired

The server has moved on; the page needs a fresh start.